Unix NetHack Version 5.0.0-0 post-release - last build Jun 10 2026 00:39:30 (3ee93aec679c4c4259841fe613dc97188e26a321,branch:main).

Game began 2026-06-28 00:02:09, ended 2026-06-28 12:06:16.

ARFwashere, neutral male human Archeologist

                                       ------------+--
                                       |.............|
                                     ##)............||
                                      #-------.-.-----
                                      #        ######
                                      #          #  ##
                                      #              #
                                      #              #         ----------
                                      #              ##       #.........|
                                      #       -----+--.---    #|........|
                                      #       |......(...|    #|........|
                                #e#   #       |..........|   ##|........|
                          -------.----#       |..........|  ## |......<.|
                          |.......@..|#       |...........###  ----------
                          |..........-#       ------------
                          |...s......|
                          ------------

ARFwashere the Field Worker  St:14 Dx:10 Co:13 In:15 Wi:18 Ch:9  Neutral
Dlvl:4  $:1182 HP:0(23) Pw:21(21) AC:3  Xp:3 T:2095  Burdened

Latest messages:
 The manes just misses!
 The kitten bites the manes.
 The manes is destroyed!
 The kitten misses the manes.
 The kitten misses the manes.
 The kitten bites the manes.
 The kitten bites the manes.
 The manes is destroyed!
 The homunculus bites!
 You can move again.
 You miss the homunculus.
 The homunculus bites!
 You miss the homunculus.
 The homunculus misses!
 You miss the homunculus.
 The homunculus bites!
 The homunculus bites!
 You miss the homunculus.
 The homunculus bites!
 You miss the homunculus.
 The homunculus bites!
 You hit the homunculus!
 The homunculus bites!
 The homunculus bites!
 You miss the homunculus.
 The homunculus bites!
 You are put to sleep by the homunculus!
 The homunculus just misses!
 The homunculus bites!
 The homunculus bites!
 The homunculus bites!
 The homunculus bites!
 You wake up.
 The kitten bites the homunculus.
 The homunculus is killed!
 What do you want to eat? [dkC or ?*] ?
 This fortune cookie is delicious!
 This cookie has a scrap of paper inside.
 It reads:
 How long can you tread water?
 You fall down the stairs.
 You hear the howling of the CwnAnnwn...
 You climb up the stairs.
 You fall down the stairs.
 You die...
 Do you want your possessions identified? [ynq] (y) n
 Do you want to see your attributes? [ynq] (y) n
 Do you want an account of creatures vanquished? [ynaq] (y) n
 Do you want to see your conduct and achievements? [ynq] (y) n
 Do you want to see the dungeon overview? [ynq] (y) n

Inventory:
 Coins    ('$')
  $ - 1182 gold pieces
 Weapons  (')')
  y - 4 +0 darts (at the ready)
  a - a +2 bullwhip
 Armor    ('[')
  t - an uncursed +0 helm of brilliance
  s - an uncursed +0 helm of telepathy (being worn)
  E - an uncursed +0 pair of iron shoes (being worn)
  v - an uncursed +0 cloak of invisibility
  x - an uncursed +0 dwarvish cloak
  r - a blessed +0 oilskin cloak
  j - an uncursed +0 scale mail (being worn)
 Comestibles  ('%')
  d - 2 uncursed food rations
  k - an uncursed tripe ration
 Scrolls  ('?')
  w - an uncursed scroll of confuse monster
  B - a blessed scroll of earth
  q - an uncursed scroll of identify
 Potions  ('!')
  p - an uncursed potion of extra healing
  z - an uncursed potion of object detection
  m - an uncursed potion of oil
 Rings    ('=')
  A - an uncursed ring of levitation
  n - a cursed ring of searching
 Tools    ('(')
  h - an empty uncursed sack
  i - a crystal ball (0:4)
  o - an uncursed leash
  e - a +0 pick-axe (weapon in right hand)
  D - an uncursed tin whistle
  f - a tinning kit (0:74)
 Gems/Stones  ('*')
  g - an uncursed touchstone

ARFwashere the Archeologist's attributes:

Background:
 You were a Field Worker, a level 3 male human Archeologist.
 You were neutral, nominally on a mission for Camaxtli
 who was opposed by Quetzalcoatl (lawful) and Huhetotl (chaotic).
 You were right-handed.
 You were in the Dungeons of Doom, on level 4.
 You entered the dungeon 2095 turns ago.
 You had 64 experience points, 16 more were needed to attain level 4.

Basics:
 You had 0 out of 23 hit points.
 You had all 21 energy points (spell power).
 Your armor class was 3.
 Your wallet contained 1182 zorkmids.
 Autopickup was on for '$' plus thrown.

Final Characteristics:
 Your strength was 14 (limit:18/100).
 Your dexterity was 10 (limit:18).
 Your constitution was 13 (limit:18).
 Your intelligence was 15 (limit:18).
 Your wisdom was 18 (limit:18).
 Your charisma was 9 (limit:18).

Final Status:
 You weren't hungry.
 You were burdened; movement was slightly slowed.
 You were wielding a pick-axe.
 You had basic skill with pick-axe.

Final Attributes:
 You were devoutly aligned.
 You were telepathic.
 You had automatic searching.
 You were warded.
 You are dead.

Miscellaneous:
 You didn't encounter any bones levels.
 Total elapsed playing time was 45 minutes and 15 seconds.

Major events:
 Turn
    1: ARFwashere the neutral male human Archeologist entered the dungeon
 1701: attained the rank of Field Worker (level 3)
 2095: killed by tumbling down a flight of stairs

You didn't know any spells.

Skills:
 Fighting Skills
   bare handed combat [Unskilled]
   two weapon combat  [Unskilled]
   riding             [Unskilled]
 Weapon Skills
   dagger             [Unskilled]
   knife              [Unskilled]
   pick-axe           [Basic]
   short sword        [Unskilled]
   saber              [Unskilled]
   club               [Unskilled]
   quarterstaff       [Unskilled]
   sling              [Unskilled]
   dart               [Unskilled]
   boomerang          [Unskilled]
   whip               [Basic]
   unicorn horn       [Unskilled]
 Spellcasting Skills
   attack spells      [Unskilled]
   healing spells     [Unskilled]
   divination spells  [Unskilled]
   matter spells      [Unskilled]

Voluntary challenges:
 Character rerolling was not enabled.
 You were an atheist.
 You never genocided any monsters.
 You never polymorphed an object.
 You never changed form.
 You used no wishes.
Achievements:
 You entered a shop.
 You attained the rank of Field Worker.

 The Dungeons of Doom: levels 1 to 4
    Level 1:
    Level 2:
       An armor shop.
    Level 3:
       A grave.
    Level 4: <- You were here.
       Final resting place for
          you, killed by tumbling down a flight of stairs.


Vanquished creatures:
  a floating eye
  a homunculus
  a hobbit
  2 manes
  a hobgoblin
  3 giant rats
  a gecko
  3 jackals
  a fox
  3 kobolds
  2 goblins
  7 grid bugs
  3 lichens
  a kobold zombie
  8 newts
38 creatures vanquished.

No species were genocided or became extinct.

Game over:
                       ----------
                      /          \
                     /    REST    \
                    /      IN      \
                   /     PEACE      \
                  /                  \
                  |    ARFwashere    |
                  |     1182 Au      |
                  |    killed by     |
                  | tumbling down a  |
                  | flight of stairs |
                  |                  |
                  |       2026       |
                 *|     *  *  *      | *
        _________)/\\_//(\/(/\)/\//\/|_)_______

Goodbye ARFwashere the Archeologist...

You died in The Dungeons of Doom on dungeon level 4 with 1470 points,
and 1182 pieces of gold, after 2095 moves.
You were level 3 with a maximum of 23 hit points when you died.

